Map: Orbital Shipyard

Players

ganahal

  • Race: Terran Terran
  • League: Master

Albion - Winner!

  • Race: Protoss Protoss

VOD

Have the link to the VOD?

Description

Time

  • Played on: March 13, 2016, 8:08 a.m.
  • Length: 20:57
Show
View Real Time Build Order
Export as new Build Order

ganahal Terran 

Build Orders: Liberator Opening, Reaper Expand 

Get SALT Encoding   

  12  0:01  SCV  
  13  0:13  SCV  
  14  0:17  Supply Depot  
  14  0:25  SCV  
  15  0:39  SCV  
  15  0:40  Barracks  
  16  0:45  Refinery  
  16  0:51  SCV  
  17  1:03  SCV  
  18  1:15  SCV  
  19  1:27  Orbital Command  
  19  1:30  Reaper  
  20  1:41  Command Center  
  20  1:50  Supply Depot  
  20  1:53  SCV  
  21  2:02  Barracks Reactor  
  21  2:05  SCV  
  22  2:09  Refinery  
  22  2:17  SCV  
  23  2:24  Factory  
  23  2:36  SCV  
  24  2:38  Marine x2  
  26  2:48  SCV  
  26  2:50  Command Center  
  27  3:01  Orbital Command  
  27  3:06  SCV  
  27  3:07  Marine x2  
  30  3:13  Widow Mine  
  30  3:18  SCV  
  33  3:25  Marine x2  
  35  3:31  SCV  
  36  3:34  Starport  
  36  3:41  SCV  
  36  3:43  Widow Mine  
  36  3:44  Marine x2  
  36  3:48  SCV  
  42  3:53  Liberator  
  42  3:54  Supply Depot, SCV  
  43  4:02  Orbital Command  
  43  4:04  SCV  
  44  4:14  Marine  
  44  4:15  Marine  
  49  4:20  SCV  
  50  4:24  SCV  
  50  4:29  SCV  
  49  4:36  SCV  
  47  4:40  SCV  
  47  4:43  Marine  
  49  4:47  Widow Mine  
  51  4:53  Medivac, Barracks  
  51  4:55  SCV, Barracks  
  51  4:56  SCV  
  51  4:58  SCV  
  53  5:08  SCV x2  
  53  5:12  SCV  
  56  5:15  Marine x2  
  56  5:20  SCV  
  59  5:21  Factory Tech Lab  
  59  5:22  SCV  
  59  5:26  SCV  
  61  5:30  Engineering Bay x2  
  61  5:31  Supply Depot, Refinery  
  61  5:32  SCV  
  61  5:34  SCV  
  60  5:38  SCV  
  58  5:44  SCV  
  58  5:46  SCV  
  60  5:50  SCV  
  60  5:55  Refinery  
  60  5:56  SCV  
  62  5:57  Marine  
  62  5:58  SCV  
  65  6:08  SCV  
  65  6:12  SCV  
  65  6:16  Barracks x2  
  65  6:17  Starport Reactor  
  66  6:23  SCV  
  66  6:24  SCV, Marine  
  69  6:30  SCV  
  70  6:38  Terran Infantry Weapons Level 1, Terran Infantry Armor Level 1, Orbital Command  
  67  6:41  SCV  
  67  6:43  Barracks Tech Lab  
  67  6:45  SCV  
  67  6:46  Supply Depot  
  69  6:51  Barracks  
  69  6:52  Liberator, Barracks  
  69  6:53  SCV, Barracks  
  66  6:59  SCV  
  66  7:00  Marine x2  
  69  7:01  Combat Shields, Stimpack  
  69  7:05  Marine x2  
  69  7:06  SCV  
  72  7:12  SCV  
  72  7:15  SCV  
  77  7:18  SCV  
  77  7:22  Missile Turret  
  78  7:24  SCV  
  78  7:25  Marine  
  78  7:26  Marauder, Marine  
  78  7:27  SCV, Marine  
  85  7:31  Supply Depot  
  85  7:34  SCV, Widow Mine  
  85  7:36  SCV, Liberator  
  88  7:38  Marauder  
  88  7:39  SCV  
  92  7:44  Barracks Tech Lab  
  92  7:45  Barracks Tech Lab  
  92  7:46  SCV  
  92  7:47  Barracks Tech Lab  
  92  7:48  SCV, Barracks Tech Lab  
  92  7:49  Barracks Tech Lab  
  92  7:51  SCV  
  92  7:54  Supply Depot  
  96  7:59  SCV  
  96  8:00  SCV  
  96  8:02  Marine x3  
  96  8:03  SCV, Marauder, Marine, Refinery x2  
  107  8:06  Marauder x2  
  107  8:10  Concussive Shells  
  109  8:16  Marauder x2  
  113  8:20  SCV, Marine  
  113  8:21  Marauder  
  113  8:25  Supply Depot x2  
  113  8:26  Supply Depot  
  117  8:32  SCV, Marine  
  117  8:34  SCV  
  117  8:43  SCV, Marine  
  117  8:44  Marauder x3  
  117  8:47  Marauder x4  
  117  8:48  Supply Depot  
  133  8:49  Supply Depot  
  133  8:50  SCV, Marine  
  133  8:51  Medivac x2  
  133  8:52  SCV  
  140  8:59  Missile Turret  
  140  9:01  Marine  
  141  9:04  Marine x2  
  141  9:05  Marauder  
  141  9:07  Marine  
  141  9:09  Marauder, Command Center, Marine  
  149  9:10  Marine  
  149  9:16  Factory Reactor  
  150  9:17  SCV  
  150  9:20  Armory, Starport  
  150  9:21  Marauder  
  150  9:22  SCV  
  154  9:26  Marauder, Marine  
  154  9:30  SCV  
  158  9:34  SCV  
  158  9:36  Marine  
  158  9:37  SCV, Marauder  
  163  9:40  Marauder  
  163  9:45  Marauder  
  165  9:59  Supply Depot  
  165  10:01  Supply Depot, Ghost Academy  
  165  10:04  Supply Depot  
  165  10:20  Marauder x2, Marine x2, Viking x2  
  175  10:30  Ghost x3  
  175  10:31  Terran Infantry Armor Level 2, Terran Infantry Weapons Level 2  
  181  10:36  Refinery  
  181  10:39  Refinery  
  180  10:48  Marine  
  180  10:49  Marauder  
  183  10:50  Viking x2  
  183  10:53  Command Center  
  183  10:55  Marine  
  183  10:56  Marauder, Sensor Tower  
  187  11:16  Marine  
  187  11:17  Marauder  
  157  11:24  Medivac x2  
  158  11:27  Ghost x2, Viking x2  
  158  11:28  Marine x4  
  158  11:29  Marauder  
  172  11:34  Marine  
  172  11:37  Marine  
  174  11:44  Missile Turret  
  174  11:45  Liberator x2  
  174  11:47  Sensor Tower  
  174  11:54  Medivac x2  
  178  12:07  Ghost x2, Liberator  
  178  12:08  Marine x2  
  190  12:09  Personal Cloaking  
  190  12:10  Terran Ship Weapons Level 1  
  190  12:12  Liberator  
  190  12:15  Marauder, Armory  
  198  12:33  Refinery  
  198  12:38  Refinery  
  198  12:54  Planetary Fortress  
  198  12:57  Marauder, Marine  
  200  13:10  Marauder, Marine  
  200  13:11  Planetary Fortress  
  188  13:20  Viking  
  188  13:24  Marauder, Marine  
  192  13:29  Marauder, Marine  
  192  13:32  SCV  
  195  13:34  Terran Infantry Weapons Level 3, Terran Infantry Armor Level 3  
  195  13:35  Terran Vehicle And Ship Armor Level 1  
  195  13:38  Supply Depot  
  195  13:40  Marauder, Marine  
  195  13:41  Marauder, Marine  
  196  13:43  Marine  
  196  13:44  SCV, Marauder  
  199  13:50  SCV  
  199  13:52  Liberator x2  
  200  13:57  Liberator  
  200  14:01  Marine  
  197  14:38  Marauder, Marine  
  200  14:52  Liberator x4  
  173  15:09  Marine  
  173  15:10  Marauder  
  177  15:16  Terran Ship Weapons Level 2  
  177  15:35  Liberator x3  
  177  15:46  Marauder  
  177  15:47  Marauder x3, Marine x3  
  188  15:51  Viking  
  188  15:54  Terran Vehicle And Ship Armor Level 2  
  199  16:00  Command Center  
  199  16:02  Command Center  
  199  16:06  Refinery  
  199  16:09  Marine  
  158  16:42  Viking  
  158  16:43  Marine, Viking x3  
  158  16:44  Marauder  
  158  16:45  Marauder x2, Marine x4  
  158  16:46  Marauder  
  161  16:55  Missile Turret  
  161  16:56  Missile Turret  
  161  16:59  Missile Turret, Barracks  
  161  17:00  Missile Turret  
  161  17:02  Missile Turret x2  
  161  17:03  Missile Turret  
  161  17:05  Liberator x2  
  155  17:12  Viking  
  130  17:21  Marine  
  130  17:22  Marauder x2, Marine x2  
  96  17:34  Marauder, Marine  
  93  17:37  Viking  
  93  17:41  Marauder, Marine  
  93  17:42  Viking  
  100  17:47  Terran Ship Weapons Level 3  
  100  17:48  Liberator  
  100  17:50  Marine x2  
  100  17:51  Marauder, Starport  
  104  17:53  Starport  
  103  18:05  Viking  
  105  18:06  Liberator, Marine  
  105  18:07  Marauder, Viking  
  113  18:18  Liberator  
  113  18:20  Marauder, Marine  
  113  18:23  Marine  
  113  18:24  Marauder  
  122  18:33  SCV  
  123  18:39  Marauder, Marine  
  129  18:42  Liberator  
  129  18:45  Missile Turret  
  126  18:49  Liberator  
  126  18:52  Marine  
  126  18:53  Marauder  
  126  18:54  Marine x2  
  126  18:55  Marauder x2  
  132  19:09  Ghost  
  135  19:12  Marine  
  135  19:14  Marine  
  139  19:18  Ghost  
  139  19:22  Ghost  
  139  19:23  Marine x2  
  145  19:24  Marine  
  145  19:31  Ghost, Marine  
  133  19:35  Marine  
  133  19:38  Ghost  
  137  19:40  Marine  
  140  19:51  Viking x2  
  144  19:59  Planetary Fortress  
  144  20:00  Marauder, Marine x2, Refinery  
  146  20:27  Marine x2  
  146  20:28  Marauder x2  
Show
View Real Time Build Order
Export as new Build Order

Albion Protoss - Winner!

Build Orders: 1 Gate Expand, Oracle Opening 

Get SALT Encoding   

  12  0:01  Probe (Chrono Boost)  
  13  0:11  Probe (Chrono Boost)  
  14  0:17  Pylon  
  14  0:22  Probe (Chrono Boost)  
  15  0:35  Probe (Chrono Boost)  
  16  0:36  Gateway  
  16  0:46  Probe (Chrono Boost)  
  16  0:47  Assimilator  
  17  0:56  Probe (Chrono Boost)  
  18  1:07  Probe (Chrono Boost)  
  19  1:19  Nexus  
  19  1:32  Cybernetics Core  
  19  1:33  Probe (Chrono Boost)  
  19  1:39  Assimilator  
  20  1:43  Probe (Chrono Boost)  
  21  1:50  Pylon  
  22  1:54  Probe (Chrono Boost)  
  22  2:04  Probe (Chrono Boost)  
  22  2:08  Warp Gate, Adept (Chrono Boost)  
  25  2:16  Probe  
  26  2:28  Probe (Chrono Boost)  
  27  2:38  Stargate  
  27  2:39  Probe (Chrono Boost)  
  27  2:40  Probe (Chrono Boost), Adept  
  31  2:50  Probe x2 (Chrono Boost)  
  33  3:00  Probe (Chrono Boost)  
  33  3:01  Probe (Chrono Boost)  
  35  3:07  Adept  
  35  3:11  Probe x2 (Chrono Boost)  
  39  3:20  Probe (Chrono Boost)  
  39  3:21  Oracle (Chrono Boost)  
  39  3:22  Probe  
  39  3:26  Pylon  
  44  3:30  Probe  
  45  3:34  Probe  
  45  3:41  Probe  
  45  3:46  Probe  
  47  3:48  Assimilator  
  47  3:49  Assimilator  
  47  3:50  Nexus  
  47  3:51  Probe  
  47  3:53  Pylon  
  48  3:56  Oracle (Chrono Boost)  
  48  3:59  Probe  
  48  4:02  Probe  
  52  4:05  Gateway  
  53  4:11  Gateway  
  53  4:12  Probe  
  53  4:13  Probe  
  55  4:23  Probe  
  54  4:25  Probe  
  54  4:30  Void Ray (Chrono Boost)  
  60  4:33  Probe  
  61  4:39  Probe  
  62  4:47  Forge  
  62  4:49  Twilight Council  
  62  4:58  Probe  
  61  5:02  Probe, Pylon  
  61  5:05  Pylon  
  62  5:08  Pylon  
  62  5:09  Pylon  
  62  5:10  Mothership Core  
  62  5:13  Pylon  
  63  5:15  Probe x2  
  63  5:16  Void Ray (Chrono Boost)  
  63  5:19  Sentry  
  71  5:25  Probe x2  
  73  5:37  Protoss Ground Weapons Level 1  
  73  5:45  Sentry  
  73  5:46  Probe, Adept x2  
  73  5:47  Probe  
  73  5:49  Assimilator  
  81  5:50  Resonating Glaives (Chrono Boost)  
  81  5:53  Assimilator  
  81  5:55  Probe  
  82  5:58  Probe  
  82  5:59  Probe  
  82  6:03  Stargate  
  84  6:05  Fleet Beacon  
  84  6:08  Probe  
  84  6:10  Probe, Photon Cannon  
  86  6:13  Photon Cannon x2  
  86  6:15  Pylon  
  86  6:16  Probe  
  87  6:20  Probe  
  87  6:21  Pylon  
  87  6:23  Probe  
  86  6:31  Probe  
  86  6:32  Probe  
  83  6:35  Probe  
  84  6:44  Probe x2  
  84  6:46  Adept x3  
  92  6:47  Probe  
  93  6:56  Probe x2  
  93  7:00  Probe  
  94  7:05  Photon Cannon  
  94  7:07  Tempest (Chrono Boost)  
  94  7:08  Probe x2  
  100  7:16  Tempest (Chrono Boost)  
  100  7:20  Probe x2  
  100  7:21  Probe  
  107  7:27  Protoss Ground Armor Level 1, Photon Cannon  
  106  7:30  Pylon  
  106  7:37  Twilight Council  
  106  7:40  Probe x2  
  106  7:41  Probe  
  109  7:48  Tempest (Chrono Boost)  
  113  7:52  Probe x2  
  113  7:53  Probe  
  116  7:59  Tempest (Chrono Boost)  
  120  8:07  Photon Cannon  
  120  8:09  Pylon  
  120  8:18  Templar Archives  
  120  8:19  Photon Cannon  
  120  8:21  Probe x2  
  120  8:22  Probe  
  123  8:34  Tempest x2 (Chrono Boost)  
  128  8:42  Psionic Storm  
  128  8:50  Gateway  
  128  8:51  Gateway  
  128  8:54  Gateway  
  128  8:55  Pylon  
  128  8:59  High Templar x2  
  128  9:00  High Templar  
  134  9:18  Tempest x2  
  142  9:33  Adept x3  
  147  9:41  Nexus  
  147  9:57  Pylon, High Templar x3  
  147  9:58  Tempest  
  147  9:59  Pylon x2  
  153  10:00  Pylon  
  153  10:03  Pylon x2  
  157  10:09  Tempest  
  157  10:14  Photon Cannon  
  157  10:17  Photon Cannon  
  157  10:19  Photon Cannon  
  157  10:20  Pylon  
  161  10:33  Adept x3  
  161  10:34  Adept x3  
  172  10:37  Pylon x2  
  172  10:39  Tempest  
  172  10:44  Pylon  
  172  10:45  Robotics Facility  
  172  10:48  Stargate  
  176  10:52  Pylon  
  176  11:03  Photon Cannon  
  176  11:05  Photon Cannon  
  176  11:07  Photon Cannon  
  175  11:16  Adept x6  
  179  11:23  Carrier x2  
  179  11:28  Probe x2  
  193  11:41  Assimilator  
  193  11:43  Pylon  
  193  11:44  Assimilator  
  193  11:47  Photon Cannon  
  193  11:50  Photon Cannon  
  193  11:51  Photon Cannon, High Templar x2  
  197  11:55  Pylon  
  197  11:59  Pylon  
  197  12:06  Protoss Air Weapons Level 1  
  198  12:22  Observer  
  198  13:08  Nexus  
  196  13:17  Stargate  
  196  13:18  Stargate, Cybernetics Core  
  178  13:27  Carrier (Chrono Boost)  
  178  13:33  Carrier (Chrono Boost)  
  176  13:34  Carrier (Chrono Boost)  
  176  13:40  Pylon  
  194  13:42  Pylon  
  194  13:45  Pylon  
  192  13:51  Observer  
  193  13:58  Photon Cannon  
  193  14:00  Photon Cannon  
  193  14:01  Photon Cannon  
  191  14:03  Photon Cannon  
  191  14:07  Adept  
  191  14:09  Adept  
  187  14:13  Carrier x2 (Chrono Boost)  
  187  14:14  Protoss Air Weapons Level 2  
  187  14:17  Protoss Air Armor Level 1  
  195  14:31  Photon Cannon  
  193  14:33  Photon Cannon  
  193  14:37  Photon Cannon  
  191  14:39  Photon Cannon  
  191  14:40  Photon Cannon x2  
  191  14:41  Photon Cannon  
  186  15:11  High Templar x2  
  186  15:12  High Templar  
  192  15:20  Photon Cannon  
  192  15:22  Photon Cannon  
  192  15:23  Photon Cannon  
  192  15:26  Photon Cannon  
  192  15:28  Photon Cannon  
  192  15:30  Photon Cannon  
  192  15:35  Nexus  
  192  15:42  High Templar x2  
  196  15:43  High Templar  
  196  15:44  High Templar  
  196  15:47  Protoss Shields Level 1  
  196  15:49  Archon x2  
  200  15:59  Fleet Beacon  
  200  16:04  Photon Cannon  
  200  16:05  Photon Cannon  
  200  16:06  Pylon  
  200  16:31  Pylon  
  177  16:51  Nexus  
  177  16:52  Adept  
  177  16:53  Pylon  
  173  16:54  Adept  
  175  17:07  Graviton Catapult (Chrono Boost)  
  175  17:08  Pylon  
  175  17:20  Archon  
  169  17:25  Carrier x2  
  169  17:26  Carrier  
  158  17:37  Carrier  
  181  17:47  Dark Shrine  
  177  18:10  High Templar x3  
  177  18:11  High Templar  
  185  18:18  High Templar x2  
  189  18:34  Pylon  
  182  18:56  High Templar x3  
  182  18:57  High Templar  
  182  19:00  Archon  
  182  19:02  High Templar x2, Archon  
  192  19:15  Nexus  
  192  19:20  Archon  
  192  19:30  Pylon  
  190  19:46  Pylon  
  190  19:48  Pylon  
  183  20:49  Archon  
Tags
 
Add a new tag
Caveats
  • Supply blocks, unpowered buildings, or Contaminate may cause inaccurate times.
  • Supply counts are checked every 10 seconds.